 Dungeon Crawl Stone Soup version 0.27-a0-1281-ge233d83751 (webtiles) character file.

Game seed: 17387473677152861455

907 Vomitron the Conjurer (level 7, 0/60 HPs)
             Began as a Yellow Draconian Conjurer on June 13, 2021.
             Shot with an arrow by a centaur (10 damage)
             ... on level 5 of the Dungeon.
             The game lasted 00:07:05 (4827 turns).

Vomitron the Conjurer (Yellow Draconian Conjurer)   Turns: 4827, Time: 00:07:05

Health: 0/60       AC:  6    Str: 10    XL:     7   Next: 81%
Magic:  8/13       EV: 12    Int: 19    God:
Gold:   142        SH:  0    Dex: 10    Spells: 3/14 levels left

rFire    . . .     SeeInvis .   i - +1 rapier (venom)
rCold    . . .     Faith    .   (no shield)
rNeg     . . .     Spirit   .   (armour unavailable)
rPois    +         Reflect  .   (helmet restricted)
rElec    .         Harm     .   (no cloak)
rCorr    +         Rampage  .   (no gloves)
Will     .....                  (no boots)
Stlth    ++........             (no amulet)
HPRegen  0.20/turn              g - ring of poison resistance
MPRegen  0.13/turn              (no ring)

@: short of breath
A: spit acid, AC +6, unfitting armour, cold-blooded, acid resistance
a: Breathe Acid


You were on level 5 of the Dungeon.
You visited 1 branch of the dungeon, and saw 5 of its levels.

You collected 142 gold pieces.

Inventory:

Hand Weapons
 d - a +0 short sword
 f - a +0 short sword of freezing
 h - a +2 dagger of venom
 i - a +1 rapier of venom (weapon)
Missiles
 p - 6 silver javelins
Jewellery
 g - a ring of poison resistance (left hand)
Scrolls
 b - 3 scrolls of teleportation
 m - a scroll of enchant weapon {unknown}
 n - a scroll of magic mapping {unknown}
 q - a scroll of fear
Potions
 a - 5 potions of curing
 c - a potion of magic {unknown}
 e - a potion of invisibility {unknown}
 j - 2 potions of degeneration {unknown}
 k - a potion of cancellation {unknown}
 l - 3 potions of attraction
 o - a potion of lignification {unknown}


   Skills:
 + Level 4.5 Fighting
 - Level 1.7 Dodging
 - Level 1.7 Stealth
 + Level 4.4 Spellcasting
 * Level 7.4 Conjurations
 + Level 1.2 Translocations


You had 3 spell levels left.
You knew the following spells:

 Your Spells              Type           Power      Damage    Failure   Level
a - Magic Dart            Conj           100%       1d8       1%          1
b - Searing Ray           Conj           64%        3d5       1%          2
c - Fulminant Prism       Conj/Hex       9%         3d7       28%         4
d - Iskenderun's Mystic   Conj/Tloc      20%        2d6       22%         4

Your spell library contained the following spells:

 Spells                   Type           Power      Damage    Failure   Level
 Apportation              Tloc           16%        N/A       9%          1
 Dazzling Flash           Conj/Hex       36%        N/A       9%          3
 Stone Arrow              Conj/Erth      36%        3d9       9%          3
 Animate Skeleton         Necr           8%         N/A       13%         1
 Corona                   Hex            4%         N/A       13%         1
 Sandblast                Erth           8%         2d5       13%         1
 Summon Small Mammal      Summ           16%        N/A       13%         1
 Passwall                 Tmut/Erth      3%         N/A       21%         2
 Petrify                  Tmut/Erth      4%         N/A       78%         4
 Lee's Rapid Deconstruct  Erth           2%         3d5*      98%         5


Dungeon Overview and Level Annotations

Branches:
Dungeon (5/15)
 Temple: D:4-7

Altars:
Uskayaw


Innate Abilities, Weirdness & Mutations

You can spit globs of acid.
Your golden yellow scales are hard. (AC +6)
You cannot fit into any form of body armour.
You are cold-blooded and may be slowed by cold attacks.
You are resistant to acid. (rCorr)


Message History

Press: ? - help, Shift-Dir - straight line, f - you
Okay, then.
The centaur shoots an arrow.
The arrow hits you!
Press: ? - help, Shift-Dir - straight line, f - centaur
Aim: a centaur, wielding a +3 shortbow and quivering arrows You fail to use your ability.
The centaur shoots an arrow.
The arrow hits you!
Unknown command.
Unknown command.
Press: ? - help, Shift-Dir - straight line, f/p - centaur
Aim: a centaur, wielding a +3 shortbow and quivering arrows You spit a glob of acid.
The glob of acid misses the centaur.
The centaur shoots an arrow.
The arrow hits you!
* * * LOW HITPOINT WARNING * * *
The centaur shoots an arrow.
The arrow hits you!
* * * LOW HITPOINT WARNING * * *
Unknown command.
Unknown command.
Casting: Searing Ray (safe; 1% risk of failure)
Confirm with . or Enter, or press ? or * to list all spells.
Aiming: Searing Ray (safe; 1% risk of failure)
Press: ? - help, Shift-Dir - straight line, f/p - centaur
Aim: a centaur, wielding a +3 shortbow and quivering arrows (88% to hit)
The searing ray hits the centaur.
The centaur is moderately wounded. (Press . to maintain the ray.)
The centaur shoots an arrow.
The arrow hits you but does no damage.
Unknown command.
The searing ray hits the centaur.
The centaur is heavily wounded.
The centaur shoots an arrow.
The arrow hits you.
* * * LOW HITPOINT WARNING * * *
The centaur shoots an arrow.
The arrow misses you.
The searing ray hits the centaur.
The centaur is severely wounded.
The centaur drinks a potion.
The centaur is healed!
The searing ray hits the centaur!
The centaur is moderately wounded.
You finish channeling your searing ray.
The centaur shoots an arrow.
The arrow barely misses you.
The centaur shoots an arrow.
The arrow hits you!
You die...

_.†. # ... .# ... #.# ###.# ..
....##...####...# .# #...#
#......### ##.# ##...# ####...#
#..# ##### #8...8
#.#.#####.########.... # ...#
##.#..@(............### # ..###
#......####...#########
####...####..c#########...##.....
.................................
...........##############.##.....
.######.#..##### #.>...... ..#
##........# #####....
#.####.........# #....
#..#...........# #....


You could see a centaur.

Vanquished Creatures
  A komodo dragon (D:5)
  A necrophage (D:4)
  An ogre (D:5)
  A centaur (D:5)
  A scorpion (D:4)
  A bullfrog zombie (D:5)
  2 orc priests
  3 orc wizards
  2 hound skeletons (D:4)
  3 gnolls (D:3)
  6 adders
  2 dart slugs
  8 orcs
  5 bats
  2 endoplasms
  2 giant cockroaches (D:4)
  4 hobgoblins
  7 jackals
  5 quokkas
  5 ball pythons
  2 frilled lizards
  2 goblins
  4 kobolds
  4 rats
74 creatures vanquished.

Notes
Turn   | Place    | Note
-------+----------+-------------------------------------------
     0 | D:1      | Vomitron the Draconian Conjurer began the quest for the
                  | Orb.
     0 | D:1      | Reached XP level 1. HP: 14/14 MP: 3/3
   342 | D:1      | Reached XP level 2. HP: 16/22 MP: 1/5
  1101 | D:2      | Reached skill level 1 in Fighting
  1185 | D:2      | Learned a level 2 spell: Searing Ray
  1390 | D:2      | Found a faded altar of an unknown god.
  1712 | D:3      | Reached XP level 3. HP: 28/28 MP: 1/6
  2036 | D:3      | Reached skill level 5 in Conjurations
  2036 | D:3      | Reached XP level 4. HP: 16/36 MP: 2/8
  2729 | D:3      | Reached XP level 5. HP: 42/42 MP: 3/9
  3039 | D:4      | Noticed a necrophage
  3044 | D:4      | Killed a necrophage
  3269 | D:4      | Reached XP level 6. HP: 51/51 MP: 2/11
  3436 | D:4      | Reached skill level 6 in Conjurations
  4253 | D:5      | Entered Level 5 of the Dungeon
  4430 | D:5      | Noticed a komodo dragon
  4439 | D:5      | Killed a komodo dragon
  4440 | D:5      | Reached skill level 7 in Conjurations
  4440 | D:5      | Your scales start taking on a golden yellow colour.
  4440 | D:5      | Reached XP level 7. HP: 37/59 MP: 1/13
  4440 | D:5      | Gained mutation: You are resistant to acid. (rCorr) [Yellow
                  | Draconian growth]
  4530 | D:5      | Learned a level 4 spell: Fulminant Prism
  4535 | D:5      | Learned a level 4 spell: Iskenderun's Mystic Blast
  4636 | D:5      | Reached skill level 1 in Translocations
  4817 | D:5      | Found a hide-covered altar of Uskayaw.
  4827 | D:5      | Shot with an arrow by a centaur

Illustrated notes

Levels and vault maps discovered:
D:1:      enne_arrival_octagon_isle, layout_loops_ring, chequers_garden,
          serial_bayou_ford_a
D:2:      layout_basic, chequers_ecumenical_altar_simple
D:3:      layout_loops_corners
D:4:      layout_basic
D:5:      layout_rooms, nicolae_uskayaw_murder_on_the_dancefloor,
          serial_corexii_hall, corexii_hall_statues_s, chequers_hall_statues_y,
          corexii_hall_statues_t, corexii_hall_statues_deadend,
          minmay_manual_mares, uniq_grinder

Skill      XL: |  1  2  3  4  5  6  7 |
---------------+----------------------+-----
Fighting       | 1 2 3 4 |  4.5
Conjurations   | 5 7 |  7.4
Spellcasting   | 3 4 |  4.4
Translocations | 1 |  1.2
Dodging        | |  1.7
Stealth        | |  1.7

Action                   |  1- 3 |  4- 6 |  7- 9 || total
-------------------------+-------+-------+-------++-------
Melee: Short sword       |     7 |       |       ||     7
       Unarmed           |     5 |       |       ||     5
       Tailslap          |     8 |     1 |       ||     9
       Dagger            |    20 |       |       ||    20
       Rapier            |    29 |    45 |     8 ||    82
 Cast: Magic Dart        |    30 |    30 |       ||    60
       Searing Ray       |     1 |    14 |     4 ||    19
 Abil: Breathe Acid      |       |       |     4 ||     4
  Use: Scroll            |       |     7 |       ||     7
 Stab: Sleeping          |     1 |       |       ||     1
Armor: Skin              |    21 |    25 |     2 ||    48
Dodge: Dodged            |    58 |    44 |    16 ||   118

Table legend: (Time is in decaauts)
 A = Elapsed time spent in this place.
 B = Non-inter-level travel time spent in this place.
 C = Inter-level travel time spent in this place.
 D = Time resting spent in this place.
 E = Time spent auto-exploring this place.
 F = Levels seen in this place.
 G = Mean time per level.
                   A        B        C        D        E       F      G
               +--------+--------+--------+--------+--------+-----+--------+
         Total |   4849 |   4705 |    144 |   1100 |   3059 |   5 |  969.8 |
       Dungeon |   4849 |   4705 |    144 |   1100 |   3059 |   5 |  969.8 |
               +--------+--------+--------+--------+--------+-----+--------+

Top non-repeatable levels by time:
     D:3: 1611 daAuts
     D:1: 1094 daAuts
     D:4: 961 daAuts
     D:2: 605 daAuts
     D:5: 576 daAuts
